 Dungeon Crawl Stone Soup version 0.32-a0-699-g1ee5eff69a (webtiles) character file.

Game seed: 4302314275248253337

374 cforsyth the Firebug (level 6, -15/79 HPs)
             Began as a Mountain Dwarf Cinder Acolyte on Mar 13, 2024.
             Was a High Priest of Ignis.
             Blown up by Edmund (18 damage)
             ... with a mindburst bolt
             ... on level 4 of the Dungeon.
             The game lasted 00:06:53 (2753 turns).

cforsyth the Firebug (MDCA)                         Turns: 2753, Time: 00:06:54

Health: -15/79     AC: 23    Str: 16    XL:     6   Next: 43%
Magic:  9/9        EV:  2    Int: 17    God:    Ignis [*****.]
Gold:   84         SH:  5    Dex:  5    Spells: 8/10 levels left

rFire   + . .        a - -1 hand axe (flame)
rCold   . . .        (no shield)
rNeg    . . .        r - melded +0 plate armour
rPois   +            (helmet currently unavailable)
rElec   .            s - melded scarf {harm}
rCorr   .            (gloves currently unavailable)
SInv    .            (boots currently unavailable)
Will    .....        f - amulet of reflection
Stlth   +            Z - ring of wizardry
HPRegen 0.33/turn    P - ring of poison resistance
MPRegen 0.11/turn

%: reflection, wizardry (x1)
@: mighty, tree-form (expiring), very slow
A: stationary, stasis, torment immunity, boosted hp, runic magic, artefact
enchanting
a: Renounce Religion, Fiery Armour, Foxfire Swarm, Rising Flame


You were on level 4 of the Dungeon.
You worshipped Ignis.
Ignis was extremely pleased with you.
You were a tree.
You visited 1 branch of the dungeon, and saw 4 of its levels.

You collected 84 gold pieces.


Innate Abilities, Weirdness & Mutations

You are a tree.
Your roots penetrate the ground, keeping you stationary.
You cannot be teleported.
You are immune to unholy pain and torment.
Your maximum health is greatly increased.
Your equipment is partially melded.
Your spellcasting is much less encumbered by armour.
You can use scrolls of enchantment on lesser artefacts.


   Skills:
 + Level 4.6 Fighting
 + Level 5.0 Axes
 + Level 2.9 Armour
 + Level 2.5 Spellcasting
 + Level 5.1 Fire Magic


You had 8 spell levels left.
You knew the following spells:

 Your Spells              Type           Power      Damage    Failure   Level
X - Scorch                Fire           38%        2d6       1%          2

Your spell library contained the following spells:

 Spells                   Type           Power      Damage    Failure   Level
 Lesser Beckoning         Tloc           4%         N/A       12%         2
 Gell's Gravitas          Tloc           2%         N/A       22%         3
 Teleport Other           Tloc           2%         N/A       22%         3

Inventory:

Hand Weapons
 a - a -1 hand axe of flaming (weapon)
 h - a +0 war axe
Armour
 r - a +0 plate armour (melded)
 s - a scarf of harm (melded)
Jewellery
 f - an amulet of reflection (around neck)
 P - a ring of poison resistance (right branch)
 Z - a ring of wizardry (left branch)
Scrolls
 c - a scroll of teleportation {@r2}
 e - a scroll of immolation
 g - 3 scrolls of blinking
Potions
 d - a potion of haste {@q3}
 i - a potion of lignification
 j - 2 potions of enlightenment

Dungeon Overview and Level Annotations

Branches:
Dungeon (4/15)
 Temple: D:4-7

Altars:
Elyvilon
Makhleb

Annotations:
D:4 Edmund

#.... #.### #....
#)... ##### ####.
###.. #... ~ #.
#...▒ ##.#
~###.######....
##..#### #~~
o........⚑
#######......####~#
#######...
#..........#.~~@~#
#..▒
#.#####......###♣#
#... #.#
##...###~~#~# #.#.
#.# ##..# ### ##
#... #.# #..# ####
#.# #..# #.# #..#
#.# ..# #.# ..# #.#


You could see Edmund.


Message History

Edmund splashes around in the water.
You hit Edmund. You burn Edmund.
Edmund is heavily wounded.
You barely miss the rat. The rat bites you but does no damage.
You hit Edmund. You burn Edmund.
Edmund is heavily wounded.
You barely miss the rat. The rat bites you but does no damage.
Edmund splashes around in the water.
You hit Edmund. You burn Edmund.
Edmund is severely wounded.
You hit the rat. You burn the rat.
You kill the rat!
Edmund hits you with a +4 heavy flail.
* * * LOW HITPOINT WARNING * * *
You barely miss Edmund.
Edmund is severely wounded.
You slash Edmund! You burn Edmund.
Edmund is almost dead.
Edmund splashes around in the water.
You hit Edmund. You burn Edmund.
Edmund is almost dead.
Your transformation is almost over.
Edmund zaps a wand.
Your mind is blasted!
* * * LOW HITPOINT WARNING * * *
You barely miss Edmund.
Edmund is almost dead.
Edmund zaps a wand.
Your mind is blasted!
You die...
Edmund says, "That'll show my brother!"
Ignis goes out, and joins you in death.

Skill      XL: |  1  2  3  4  5  6 |
---------------+-------------------+-----
Armour         | 1 2 |  2.9
Fire Magic     | 4 5 |  5.1
Axes           | 4 5 |  5.0
Fighting       | 4 |  4.6
Spellcasting   | 2 |  2.5

Action                     |  1- 3 |  4- 6 || total
---------------------------+-------+-------++-------
  Melee: Hand axe          |    60 |    71 ||   131
   Cast: Scorch            |    13 |    32 ||    45
    Use: Scroll            |       |     7 ||     7
         Potion            |       |     6 ||     6
 Armour: Robe              |    46 |     2 ||    48
         Plate armour      |       |    66 ||    66
         Chain mail        |       |     4 ||     4
         Skin              |       |     9 ||     9
  Dodge: Dodged            |    51 |    11 ||    62
  Block: Other             |       |    12 ||    12

Levels and vault maps discovered:
D:1:      ebering_hopf_link, layout_basic, ebering_ecumenical_altar_webs
D:2:      layout_rooms, uniq_sigmund
D:3:      layout_loops_ring, chequers_garden, minivault_19
D:4:      layout_loops_ring, kennysheep_mini, mainiacjoe_overflow_tiny_flanked,
          mainiacjoe_overflow_concentric_impassable, minmay_temple_entry_tees,
          mainiacjoe_sewer_entry_somewhere_in_here_2, ebering_ghost_sewer_f,
          due_unseen_surprise, uniq_edmund

Notes
Turn   | Place    | Note
-------+----------+-------------------------------------------
     0 | D:1      | cforsyth the Mountain Dwarf Cinder Acolyte began the quest
                  | for the Orb.
     0 | D:1      | Reached XP level 1. HP: 19/19 MP: 2/2
   133 | D:1      | Found a faded altar of an unknown god.
   164 | D:1      | Reached XP level 2. HP: 26/26 MP: 3/3
   167 | D:1      | Learned a level 2 spell: Scorch
   491 | D:1      | Reached skill level 1 in Armour
   582 | D:1      | Reached skill level 4 in Fire Magic
   634 | D:1      | Reached XP level 3. HP: 24/31 MP: 5/5
   711 | D:1      | Reached skill level 4 in Axes
   966 | D:2      | Noticed Sigmund
  1184 | D:2      | Killed Sigmund
  1185 | D:2      | Reached skill level 4 in Fighting
  1185 | D:2      | Reached skill level 2 in Armour
  1185 | D:2      | Reached skill level 2 in Spellcasting
  1185 | D:2      | Reached XP level 4. HP: 40/40 MP: 1/7
  1185 | D:2      | Reached XP level 5. HP: 46/46 MP: 1/8
  2579 | D:4      | Found a white marble altar of Elyvilon.
  2656 | D:4      | Reached XP level 6. HP: 32/53 MP: 7/9
  2666 | D:4      | Reached skill level 5 in Fire Magic
  2672 | D:4      | Found a burning altar of Makhleb.
  2689 | D:4      | HP: 5/53 [burnt (2)]
  2695 | D:4      | HP: 4/53 [burnt (2)]
  2696 | D:4      | Reached skill level 5 in Axes
  2697 | D:4      | HP: 1/53 [burnt (1)]
  2702 | D:4      | HP: 4/53 [burnt (1)]
  2711 | D:4      | Noticed Edmund
  2752 | D:4      | HP: 3/79 [disintegration (16)]
  2753 | D:4      | Blown up by Edmund

Vanquished Creatures
  Sigmund (D:2)
  A scorpion (D:4)
  A bombardier beetle (D:4)
  A hound (D:4)
  2 adders (D:2)
  A dart slug (D:2)
  8 orcs
  6 ball pythons
  6 endoplasms
  4 giant cockroaches
  2 goblins (D:1)
  8 hobgoblins
  2 jackals (D:3)
  5 kobolds
  3 quokkas
  6 bats
  4 frilled lizards
  5 rats
66 creatures vanquished.

Table legend: (Time is in decaauts)
 A = Elapsed time spent in this place.
 B = Non-inter-level travel time spent in this place.
 C = Inter-level travel time spent in this place.
 D = Time resting spent in this place.
 E = Time spent auto-exploring this place.
 F = Levels seen in this place.
 G = Mean time per level.
                   A        B        C        D        E       F      G
               +--------+--------+--------+--------+--------+-----+--------+
         Total |   2748 |   2650 |     98 |    158 |   1917 |   4 |  687.0 |
       Dungeon |   2748 |   2650 |     98 |    158 |   1917 |   4 |  687.0 |
               +--------+--------+--------+--------+--------+-----+--------+

Top non-repeatable levels by time:
     D:2: 936 daAuts
     D:1: 918 daAuts
     D:3: 722 daAuts
     D:4: 171 daAuts

Table legend:
 A = Non-vault XP
 B = Vault XP
 C = Vault XP percentage of total XP
 D = Non-vault monster count
 E = Vault monster count
 F = Vault count percentage of total count
                 A         B        C        D         E       F
            +---------+---------+-------+---------+---------+-------
      Total |     302 |     233 |  43.6 |      59 |       7 |  10.6
            +---------+---------+-------+---------+---------+-------
        D:1 |      44 |       0 |   0.0 |      26 |       0 |   0.0
        D:2 |      48 |     226 |  82.5 |      14 |       1 |   6.7
        D:3 |      17 |       0 |   0.0 |       8 |       0 |   0.0
        D:4 |     193 |       7 |   3.5 |      11 |       6 |  35.3
            +---------+---------+-------+---------+---------+-------
